 Dungeon Crawl Stone Soup version 0.28.0 (webtiles) character file.

Game seed: 10245756453640935185

464 ProzacElf the Cudgeller (level 6, -7/50 HPs)
             Began as a Palentonga Fighter on Feb 17, 2022.
             Was a Believer of Lugonu.
             Mangled by an orc warrior (15 damage)
             ... on level 3 of the Dungeon.
             The game lasted 00:07:59 (3581 turns).

ProzacElf the Cudgeller (Palentonga Fighter)        Turns: 3581, Time: 00:08:00

Health: -7/50      AC:  8    Str: 19      XL:     6   Next: 80%
Magic:  6/6        EV:  5    Int:  6 (8)  God:    Lugonu [**....]
Gold:   12         SH:  4    Dex: 12      Spells: 5/5 levels left

rFire   . . .      SeeInvis +   b - +7 club
rCold   . . .      Faith    .   c - +0 buckler
rNeg    . . .      Spirit   .   u - +0 chain mail
rPois   .          Reflect  .   (no helmet)
rElec   .          Harm     .   (no cloak)
rCorr   .          Rampage  .   (no gloves)
Will    .....                   (no barding)
Stlth   ..........              q - amulet of magic regeneration
HPRegen 0.16/turn               r - ring of flight
MPRegen 0.50/turn               (no ring)

@: flying
A: large, rugged brown scales 3, see invisible, deformed body, roll 1, armoured
tail
a: Rolling Charge, Renounce Religion, Depart the Abyss, Bend Space


You were on level 3 of the Dungeon.
You worshipped Lugonu.
Lugonu was pleased with you.
You visited 1 branch of the dungeon, and saw 4 of its levels.

You collected 64 gold pieces.
You spent 52 gold pieces at shops.

Inventory:

Hand Weapons
 a - a +0 flail
 b - a +7 club (weapon)
Missiles
 g - 29 sling bullets
 p - 22 arrows
 t - 30 stones
 v - 27 bolts
Armour
 c - a +0 buckler (worn)
 i - a +0 scale mail
 j - a +0 helmet
 u - a +0 chain mail (worn)
Jewellery
 q - an amulet of magic regeneration (around neck)
 r - a ring of flight (left hand)
Wands
 h - a wand of iceblast (2)
Scrolls
 e - 5 scrolls of identify {unknown}
 m - a scroll of immolation {unknown}
 n - a scroll of teleportation {unknown}
 o - a scroll of fear {unknown}
 s - a scroll of blinking {unknown}
Potions
 d - a potion of lignification {unknown}
 f - a potion of attraction
 k - 2 potions of curing
 l - a potion of heal wounds {unknown}


   Skills:
 + Level 3.2 Fighting
 - Level 5.0 Maces & Flails
 - Level 5.0 Armour
 - Level 2.4 Shields
 + Level 0.9 Invocations


You had 5 spell levels left.
You didn't know any spells.
Your spell library contained the following spells:

 Spells                   Type           Power      Damage    Failure   Level
 Sublimation of Blood     Necr           0%         N/A       100%        2
 Wereblood                Tmut           0%         N/A       100%        2
 Summon Hydra             Summ           0%         N/A       100%        7


Dungeon Overview and Level Annotations

Branches:
Dungeon (4/15)
 Temple: D:4-7

Altars:
Gozag
Wu Jian
Lugonu

Shops:
D:3 *


Innate Abilities, Weirdness & Mutations

You are completely covered in rugged brown scales. (AC +3, +7% HP)
You have supernaturally acute eyesight. (SInv)
Armour fits poorly on your strangely shaped body.
You can roll at nearby foes to attack.
You have a long armoured tail.


Message History

Ye feel yer str'ngth returnin'.
Roll where?
Press: ? - help, Dir - move target, f - orc warrior
Aim: an orc warrior, wieldin' a +0 hand axe an' wearin' a +0 plate armour Ye roll forward wit' a clatter o' scales!
Ye thump tha orc warrior!
Ye tail-slap tha orc warrior, but do nay damage.
Tha orc warrior be moderately wounded.
Ye barely miss tha orc warrior.
Tha orc warrior be moderately wounded.
Tha orc warrior barely misses ye.
Ye hit tha orc warrior.
Ye tail-slap tha orc warrior.
Tha orc warrior be heavily wounded.
Tha orc warrior hits ye wit' a +0 hand axe!
Ye take 10 damage, an' haf 29/50 hp.
Ye hit tha orc warrior.
Tha orc warrior be severely wounded.
Tha orc warrior completely misses ye.
Ye hit tha orc warrior but do nay damage.
Tha orc warrior be severely wounded.
Tha orc warrior hits ye wit' a +0 hand axe!
* * * LOW HITPOINT WARNIN'
* * * Ye block tha orc warrior's attack.
Ye take 15 damage, an' haf 14/50 hp.
MASSIVE DAMAGE!!
Ye closely miss tha orc warrior.
Tha orc warrior be severely wounded.
Tha orc warrior barely misses ye.
Ye sock tha orc warrior!
Ye tail-slap tha orc warrior, but do nay damage.
Tha orc warrior be almost dead.
Tha orc warrior hits ye wit' a +0 hand axe!
* * * LOW HITPOINT WARNIN'
* * * Ye take 7 damage, an' haf 7/50 hp.
Okay, than.
Okay, than.
Ye closely miss tha orc warrior.
Ye tail-slap tha orc warrior, but do nay damage.
Tha orc warrior be almost dead.
Tha orc warrior hits ye wit' a +0 hand axe!
Ye die...

...# #.# #.##...## #.#
...#########.####.###.## #.#
#.................# #.# #.#
...#########.###### #.# #######.#
.............# ##.# #......#.
...####......## #..###.#####.#
#..# #.###...## #......#####.#
#..####.##.....#####.###........#
#.......#.....oo@....# #..#######
##)#######.....#####.###..# #.#
##...## #......# #.# ##.##
#.#)##.# #.# ### #.#....# #.#
#.#.#..#
#.#################.#.#..######
#...................).#..##...#
###################.###...†.#.#


You could see an orc warrior and an orc.

Vanquished Creatures
  Grinder (D:2)
  An orc priest (D:3)
  Ijyb (D:2)
  An orc wizard (D:3)
  Natasha (thrice) (D:2)
  Robin (D:2)
  A gnoll (D:1)
  An adder (D:3)
  A worm (D:3)
  A dart slug (D:2)
  5 orcs (D:3)
  5 ball pythons
  An endoplasm (D:1)
  4 giant cockroaches
  11 goblins
  9 hobgoblins
  7 jackals
  2 quokkas
  3 frilled lizards
  6 kobolds
  4 rats
69 creatures vanquished.

Vanquished Creatures (others)
  An endoplasm (D:3)
1 creature vanquished.

Grand Total: 70 creatures vanquished

Notes
Turn   | Place    | Note
-------+----------+-------------------------------------------
     0 | D:1      | ProzacElf the Palentonga Fighter began the quest for the
                  | Orb.
     0 | D:1      | Reached XP level 1. HP: 19/19 MP: 1/1
   121 | D:1      | Reached XP level 2. HP: 8/25 MP: 2/2
   565 | D:1      | Reached XP level 3. HP: 16/31 MP: 3/3
   817 | D:1      | Found a faded altar of an unknown god.
   820 | D:1      | Prayed at the altar of an unknown god.
   820 | D:1      | Became a worshipper of Lugonu the Unformed
   820 | D:1      | Reached * piety under Lugonu
   820 | D:1      | Reached ** piety under Lugonu
   920 | D:2      | Noticed Robin
  1284 | D:2      | Killed Robin
  1418 | D:2      | Noticed Natasha
  1429 | D:2      | Killed Natasha
  1430 | D:2      | Reached XP level 4. HP: 24/37 MP: 4/4
  1431 | D:2      | Noticed Natasha
  1646 | D:2      | Killed Natasha
  1798 | D:2      | Noticed Natasha
  1909 | D:2      | Killed Natasha
  1985 | D:2      | Found an ornate altar of the Wu Jian Council.
  2012 | D:2      | Reached XP level 5. HP: 35/43 MP: 5/5
  2178 | D:3      | Found Viusch's General Store.
  2179 | D:3      | Noticed Ijyb
  2180 | D:3      | Noticed Grinder
  2195 | D:2      | Killed Ijyb
  2455 | D:3      | Paralysed by Grinder for 6 turns
  2473 | D:2      | Killed Grinder
  2474 | D:2      | Reached skill level 5 in Maces & Flails
  2474 | D:2      | Reached XP level 6. HP: 13/50 MP: 6/6
  2747 | D:3      | Bought a potion of curing for 39 gold pieces
  2747 | D:3      | Bought a scroll of noise for 13 gold pieces
  2754 | D:3      | Found an opulent altar of Gozag.
  3129 | D:3      | Reached skill level 5 in Armour
  3560 | D:4      | Noticed an orc warrior
  3581 | D:3      | Mangled by an orc warrior

Illustrated notes

Levels and vault maps discovered:
D:1:      dpeg_arrival_rhombus, layout_rooms,
          shapermc_ecumenical_altar_mp_urbaneastern
D:2:      layout_rooms, basic_altar, uniq_natasha, uniq_robin
D:3:      layout_loops_ring, lemuel_crystal_altar, serial_shops, shop,
          uniq_ijyb, uniq_grinder
D:4:      layout_rooms, minmay_temple_entry_statues_fountains

Skill      XL: |  1  2  3  4  5  6 |
---------------+-------------------+-----
Armour         | 3 4 5 |  5.0
Maces & Flails | 3 5 |  5.0
Fighting       | |  3.2
Shields        | |  2.4
Invocations    | |  0.9

Action                   |  1- 3 |  4- 6 || total
-------------------------+-------+-------++-------
Melee: Flail             |   102 |       ||   102
       Tailslap          |    10 |    20 ||    30
       Club              |     9 |    95 ||   104
 Abil: Rolling Charge    |     1 |     1 ||     2
  Use: Potion            |       |     4 ||     4
Armor: Scale mail        |    53 |    49 ||   102
       Chain mail        |       |     3 ||     3
Dodge: Dodged            |    47 |    30 ||    77
Block: Buckler           |    30 |    17 ||    47
